 Dungeon Crawl Stone Soup version 0.25.1-2-g60ff931df9 (webtiles) character file.

Game seed: 5524976044502894541

103 Almogavar the Ruffian (level 4, -1/44 HPs)
             Began as a Troll Monk on Sept 4, 2020.
             Slain by a gnoll
             ... wielding a +0 spear
              (3 damage)
             ... on level 2 of the Dungeon.
             The game lasted 00:03:55 (1205 turns).

Almogavar the Ruffian (Troll Monk)                  Turns: 1205, Time: 00:03:56

Health: -1/44      AC:  6    Str: 20    XL:     4   Next: 51%
Magic:  3/3        EV: 11    Int:  6    God:
Gold:   61         SH:  0    Dex: 12    Spells: 3/3 levels left

rFire    . . .     SeeInvis .     - Unarmed
rCold    . . .     Gourm    +   (no shield)
rNeg     . . .     Faith    .   a - +0 robe
rPois    .         Spirit   .   (helmet restricted)
rElec    .         Reflect  .   (no cloak)
rCorr    .         Harm     .   (gloves unavailable)
MR       .....                  (boots unavailable)
Stlth    ++........             (no amulet)
HPRegen  0.54/turn              (no ring)
MPRegen  0.08/turn              (no ring)

@: no status effects
A: large, unfitting armour, claws 3, fast metabolism 3, gourmand, regeneration
1, shaggy fur 1, tough skin 3
a: no special abilities


You were on level 2 of the Dungeon.
You were completely stuffed.

You visited 1 branch of the dungeon, and saw 2 of its levels.

You collected 61 gold pieces.

Inventory:

Armour
 a - a +0 robe (worn)
Scrolls
 c - 3 scrolls of remove curse
 e - a scroll of fear {unknown}
 g - a scroll of immolation
Potions
 d - a potion of berserk rage {unknown}
 f - a potion of lignification {unknown}
 h - a potion of curing {unknown}
Comestibles
 b - 6 rations


   Skills:
 + Level 2.8 Fighting
 + Level 3.1 Dodging
 + Level 1.2 Stealth
 + Level 4.2 Unarmed Combat


You had 3 spell levels left.
You didn't know any spells.
Your spell library was empty.

Dungeon Overview and Level Annotations

Branches:
Dungeon (2/15)

Altars:


Innate Abilities, Weirdness & Mutations

You are too large for most types of armour.
You have claws for hands.
Your metabolism is lightning-fast.
You like to eat raw meat.
Your natural rate of healing is unusually fast.
You are covered in fur. (AC +1)
You have extremely tough skin. (AC +3)


Message History

The gnoll is lightly wounded.
The gnoll hits you but does no damage.
You completely miss the gnoll.
The gnoll is lightly wounded.
The gnoll barely misses you.
You completely miss the gnoll.
The gnoll is lightly wounded.
The gnoll hits you with a +0 spear.
* * * LOW HITPOINT WARNING * * *
You claw the gnoll!
The gnoll is almost dead.
The gnoll hits you with a +0 spear!
* * * LOW HITPOINT WARNING * * *
You closely miss the gnoll.
The gnoll is almost dead.
The gnoll closely misses you.
You closely miss the gnoll.
The gnoll is almost dead.
The gnoll hits you with a +0 spear.
You die...

..# #.# ######.#
######...##.#
.###........##.#
.............#.# #####
####.........#.###.....#
................@gg..#
#############.####.....#
........ ..... .©...
.......# ###...## ####
.......# ...##8$. .$8
.......# .#)#..[? $.
.......# .w .#.#.o #
(......# .. .#..#.
.......#


You could see 2 gnolls.

Vanquished Creatures
  Robin (D:2)
  A gnoll (D:2)
  2 adders (D:2)
  An ooze (D:2)
  A dart slug (D:1)
  3 bats (D:1)
  A giant cockroach (D:1)
  13 goblins
  12 hobgoblins
  7 jackals (D:1)
  2 frilled lizards (D:2)
  3 kobolds (D:1)
  4 rats
51 creatures vanquished.

Notes
Turn   | Place    | Note
-------+----------+-------------------------------------------
     0 | D:1      | Almogavar the Troll Monk began the quest for the Orb.
     0 | D:1      | Reached XP level 1. HP: 22/22 MP: 0/0
    93 | D:1      | Reached XP level 2. HP: 10/29 MP: 1/1
   451 | D:1      | Reached XP level 3. HP: 36/36 MP: 2/2
   853 | D:2      | Noticed Robin
   872 | D:2      | Killed Robin
   872 | D:2      | Reached XP level 4. HP: 44/44 MP: 3/3
   880 | D:2      | Reached skill level 4 in Unarmed Combat
  1203 | D:2      | HP: 1/44 [gnoll/+0 spear (11)]
  1205 | D:2      | Slain by a gnoll

Illustrated notes

Levels and vault maps discovered:
D:1:      minmay_arrival_jagged, layout_basic, minivault_14
D:2:      layout_basic, gammafunk_temple_overflow_arena, first_ration,
          uniq_crazy_yiuf_cottage, uniq_terence, uniq_robin

Skill      XL: |  1  2  3  4 |
---------------+-------------+-----
Dodging        | 3 |  3.1
Unarmed Combat | 4 |  4.2
Fighting       | |  2.8
Stealth        | |  1.2

Action                   |  1- 3 |  4- 6 || total
-------------------------+-------+-------++-------
Melee: Unarmed           |   104 |    42 ||   146
       Punch             |     2 |       ||     2
  Use: Scroll            |     2 |       ||     2
 Stab: Sleeping          |     4 |       ||     4
       Distracted        |     1 |       ||     1
  Eat: Chunk             |    13 |     4 ||    17
Armor: Robe              |    48 |     9 ||    57
Dodge: Dodged            |    62 |    18 ||    80
